 Dungeon Crawl Stone Soup version 0.13-a0-2531-g2ad9301 (webtiles) character file.

480 Rycklaryybbe the Changer (level 5, -4/40 HPs)
             Began as a Demigod Transmuter on July 26, 2013.
             Slain by an orc
             ... wielding a -1,+1 orcish hammer
              (7 damage)
             ... on Level 4 of the Dungeon.
             The game lasted 00:14:40 (5512 turns).

Rycklaryybbe the Changer (Demigod Transmuter)       Turns: 5512, Time: 00:14:40

HP  -4/40        AC  3     Str 14      XL: 5   Next: 91%
MP  11/11        EV 12     Int 18      God:
Gold 177         SH  0     Dex 17      Spells:  3 memorised,  1 level left

Res.Fire  : . . .   See Invis. : .     - Unarmed
Res.Cold  : . . .   Warding    : .   w - +0 robe
Life Prot.: . . .   Conserve   : .   (no shield)
Res.Poison: .       Res.Corr.  : .   (no helmet)
Res.Elec. : .       Clarity    : .   (no cloak)
Sust.Abil.: . .     Spirit.Shd : .   D - +0 pair of gloves
Res.Mut.  : .       Stasis     : .   (boots unavailable)
Res.Rott. : .       Flight     : .   (no amulet)
Saprovore : . . .                    (no ring)
                                     (no ring)

@: appendage, slightly resistant to hostile enchantments, unstealthy
A: talons 3
a: End Transformation


You were on level 4 of the Dungeon.
You were hungry.
You had grown temporary talons.
You visited 1 branch of the dungeon, and saw 4 of its levels.

You collected 157 gold pieces.

Inventory:

Hand weapons
 k - a +5,+2 elven dagger of venom
 o - a +0 blowgun
Missiles
 b - 25 arrows
 x - 6 poisoned needles
 C - 4 javelins (quivered)
Armour
 w - a +0 robe (worn)
 y - a +0 animal skin
 D - a +0 pair of gloves (worn)
Comestibles
 a - 3 bread rations
 l - a choko
 q - a meat ration
Scrolls
 c - 2 scrolls of noise {unknown}
 e - 2 scrolls of magic mapping {unknown}
 f - a scroll of amnesia {unknown}
 g - 2 scrolls of curse armour {unknown}
 h - 3 scrolls of fear {unknown}
 i - 4 scrolls of remove curse {unknown}
 m - 3 scrolls of enchant weapon I {unknown}
 n - a scroll of fog {unknown}
 u - a scroll of curse weapon {unknown}
 z - 2 scrolls of identify {unknown}
Potions
 j - 2 potions of might {unknown}
 p - 2 potions of brilliance {unknown}
 r - 2 potions of speed {unknown}
 t - 2 potions of flight {unknown}
 v - a potion of heal wounds {unknown}
 A - a potion of magic {unknown}
 B - a potion of curing
 E - a potion of cure mutation {unknown}
Books
 d - a book of Changes

   Spells                             Type                      Level
   *Beastly Appendage                 Transmutation                1
   *Sticks to Snakes                  Transmutation                2
   *Spider Form                       Transmutation/Poison         3
   Ice Form                           Ice/Transmutation            4
   Blade Hands                        Transmutation                5


   Skills:
 - Level 0.8 Fighting
 - Level 1.7 Dodging
 + Level 4.3 Unarmed Combat
 - Level 1.7 Spellcasting
 - Level 4.5 Transmutations
 - Level 1.1 Poison Magic


You had one spell level left.
You knew the following spells:

 Your Spells              Type           Power        Failure   Level  Hunger
a - Beastly Appendage     Trmt           ###...       2%          1    #......
b - Spider Form           Trmt/Pois      ##........   21%         3    ####...
c - Sticks to Snakes      Trmt           ###.......   4%          2    ###....


Dungeon Overview and Level Annotations

Branches:
Dungeon (4/27)
 Temple: D:4-7


Innate Abilities, Weirdness & Mutations

You have claws for feet.*


Message History

You see here a poisoned needle.
Read which item? (? for menu, Esc to quit)
Okay, then.
Read which item? (? for menu, Esc to quit)
Okay, then.
Drink which item? (? for menu, Esc to quit)
You feel better.
It was a potion of curing.
The kobold shoots a poisoned needle.
The poisoned needle misses you. The orc misses you.
You open the door.
A bat and 3 orcs come into view.
The orc shouts!
The orc hits you with an orcish flail.
The bat moves out of view.
The orc closely misses you.
The orc priest calls down the wrath of Beogh upon you.
Something smites you!
* * * LOW HITPOINT WARNING * * *
Unknown command.
The orc hits you with an orcish hammer!
You die...

#####.....# .
.........## #.....
##########.# ###.##..
....o....).###.#.#<..
###.####)#.....#)##.#
'.'..#o#.###.......
#.#..#.#.#...#...>.
#.####.##K#.#.#.#.#..#.#
#......@ooo.#...#.#.....
#.####.##o#.#...#....#.#
.'. oo#.#...######.#
#..#.#..#.#...######.#
#+##.####.#.##....##.#
.. ..#.##.(..##.# #.
#.#.##....##.# +.
#.#.##....##.# . . .
#....##.#


You could see an orc priest, 3 orcs and a kobold.

Vanquished Creatures
  2 orc priests (D:3)
  3 orc wizards (D:3)
  6 adders (D:3)
  A worm (D:4)
  A giant gecko (D:2)
  An ooze (D:1)
  13 orcs
  7 giant cockroaches
  11 goblins
  8 hobgoblins
  11 jackals
  11 kobolds
  2 quokkas
  4 bats
  4 giant newts
  A goblin skeleton (D:4)
  5 rats
91 creatures vanquished.

Notes
Turn   | Place    | Note
--------------------------------------------------------------
     0 | D:1      | Rycklaryybbe, the Demigod Transmuter, began the quest for the Orb.
     0 | D:1      | Reached XP level 1. HP: 16/16 MP: 3/3
   677 | D:1      | Reached XP level 2. HP: 23/23 MP: 2/4
  1334 | D:2      | Reached skill level 3 in Transmutations
  1677 | D:2      | Found a white marble altar of Elyvilon.
  1927 | D:2      | Reached XP level 3. HP: 26/28 MP: 5/7
  2022 | D:2      | Found a basalt altar of Yredelemnul.
  2220 | D:2      | Learned a level 3 spell: Spider Form
  2592 | D:3      | Reached skill level 1 in Poison Magic
  2731 | D:3      | Reached XP level 4. HP: 25/35 MP: 7/9
  3058 | D:3      | Reached skill level 4 in Transmutations
  3679 | D:3      | Found a shattered altar of Ashenzari.
  3679 | D:3      | Found a radiant altar of Vehumet.
  3741 | D:3      | Reached XP level 5. HP: 29/40 MP: 11/11
  5029 | D:3      | Learned a level 2 spell: Sticks to Snakes
  5512 | D:4      | Slain by an orc

Action                   |  1- 3 |  4- 6 || total
-------------------------+-------+-------++-------
Melee: Unarmed           |    40 |   102 ||   142
       Dagger            |    49 |    77 ||   126
 Fire: Blowgun           |       |     5 ||     5
Throw: Javelin           |    13 |    20 ||    33
       Club              |     4 |       ||     4
 Cast: Beastly Appendage |    21 |    12 ||    33
       Spider Form       |     1 |     8 ||     9
       Sticks to Snakes  |       |     1 ||     1
 Abil: End Transformatio |     1 |     4 ||     5
  Use: Potion            |     1 |     1 ||     2
 Stab: Sleeping          |       |     3 ||     3
